Arrhythmia, chaotic female vampiric Convict --- ------ .| #.....| -----.|# # |.<..| |...|.|######.)...| | ...|.|# # -|---- |. . ..|.|## ## -- -.... -----|----|-.|# # -.....................|# ### ....{......{..........|# # -@.....0@@..|########)%%## | -----+---..# -----.---+-- |.| |...%......| |.| |..........| |.| |..........| -.| |.......>..| .| |..........| --- ------------ Arrhythmia the Jail-bird Experience level: 7 Strength: 25 Dexterity: 12 Constitution: 19 Intelligence: 13 Wisdom: 9 Charisma: 10 Health: 0(77) Energy: 37(37) AC: 4 Gold: 242 Moves: 1985 Your Inventory: Coins $ - 242 gold pieces Weapons h - an [uncursed +0] runed dagger [elven] B - an [uncursed +0 thirsty] dagger Armor b - a cursed +0 striped shirt (being worn) f - an [uncursed] +0 iron skull cap [orcish helm] (being worn) i - an [uncursed] +0 elven mithril-coat [of reflection] and power (being worn) p - an [uncursed +0] hooded cloak [dwarvish] s - a [cursed -2] hooded cloak [dwarvish] v - a [blessed +0] mummy wrapping w - a [cursed -1] hooded cloak [dwarvish] x - a [cursed -1] pair of hard shoes [iron] C - an [uncursed +0] pair of fencing gloves [leather] D - an [uncursed +0] pair of walking shoes [low] Scrolls n - 2 [uncursed] scrolls labeled ELAM EBOW [of identify] u - a [cursed] scroll labeled ELAM EBOW [of identify] Spellbooks r - an [uncursed] left-handed spellbook [of cure sickness] Tools g - an [uncursed] skeleton key A - 2 [uncursed wax] candles Gems y - an [uncursed] red gem [worthless glass] Spells known in the end: Name Level Category Fail Memory Your skills at the end: Fighting Skills Weapon Skills sling [Basic / Skilled] Spellcasting Skills Final Attributes: You were stridently aligned. Hunger level was 762. Your alignment was 8 / 19. Monster difficulty range was 0 - 6. Level difficulty was 5. You were immune to poison. You were immune to level-drain. You were immune to sickness. You were punished. You could fly. You could survive without air. You regenerated. You had reflection. Your luck was zero. You are dead. Vanquished creatures: a watchman a gnome mummy 4 human zombies a rock mole 4 gnome lords a straw golem 2 giant ants a little dog a floating eye 4 dwarves a kobold lord an iguana 2 coyotes 2 hobbits 2 manes 2 giant rats a red mold 22 gnomes 2 geckos 2 jackals a fox a kobold 3 goblins 2 newts 64 creatures vanquished. Voluntary challenges: You went without food. You never hit with a wielded weapon. You read items or engraved 1 time. You put on armor 3 times. You never genocided any monsters. You never polymorphed an object. You never changed form. You used no wishes. You abstained from Elbereth's help. You encountered 1 bones level. You never used any Sokoban shortcuts. Dungeon overview: The Dungeons of Doom: levels 1 to 2 Level 1 a long staircase Level 2 a pet store stairs to The Gnomish Mines The Gnomish Mines: levels 3 to 5 Level 3 stairs to The Dungeons of Doom Level 6 (Oh wow that was a bad idea) <- You were here a lighting shop, some fountains History has recorded: On T:1 you entered the Dungeons of Doom to retrieve the Amulet of Yendor! On T:273 you reached level 2 of The Dungeons of Doom. On T:274 you advanced to experience level 2. On T:340 you reached level 1 of The Gnomish Mines. On T:351 you advanced to experience level 3. On T:669 you advanced to experience level 4. On T:762 you advanced to experience level 5. On T:1018 you reached level 2 of The Gnomish Mines. On T:1025 you advanced to experience level 6. On T:1185 you advanced to experience level 7. On T:1865 you reached level 3 of The Gnomish Mines. Latest messages: Where do you want to travel to? Never mind. Pick an object. A watch captain on the floor of a room. The heavy iron ball misses the watch captain. The watch captain swings her silver saber. The silver sears your flesh! The watch captain hits! The watch captain swings her silver saber. The silver sears your flesh! The watch captain hits! [HP-55=22] [HP+1=23] [HP+1=24] The watch captain swings her silver saber. The silver sears your flesh! The watch captain hits! You die... Final status: Goodbye Arrhythmia the Convict... You died in The Gnomish Mines on dungeon level 5 with 2712 points, and 242 pieces of gold, after 1985 moves. You were level 7 with a maximum of 77 hit points when you died.